AoeStats
← 王德发

Arena

510922395Analyzed
3v3 RM · 10h ago on Oct 3, 2026· 42m 47s· 6 players
Game mode
Random Map
Map size
Normal (6 player)
Population
200
Speed
Normal
Resources
Standard
Victory
Conquest
Starting age
Dark Age
Ending age
Imperial Age
RankedLock teamsTeams togetherTeam positionsShared explorationLock speedFull tech treeHidden civsTurbo modeCheats
Victory
Defeat
🇺🇾 Danes · Uruguay
1533
+12
🇨🇳 Britons · China
1504
+13
🇨🇳 Persians · China
1438
+16
🇭🇳 Goths · Honduras
1488
-15
🇭🇳 Burgundians · Honduras
1488
-15
🇭🇳 Slavs · Honduras
1365
-11
[TeBrR] Bandwidth
9:41 Feudal Age
9:30 Loom
14:28 Castle Age
12:32 Double-Bit Axe
12:50 Horse Collar
18:04 Bow Saw
23:59 Town Watch
24:13 Fletching
26:23 Bodkin Arrow
31:32 Scale Mail Armor
34:52 Chain Mail Armor
35:15 Forging
38:56 Imperial Age
37:02 Wheelbarrow
39:10 Iron Casting
38:59 Onager
40:39 Man-at-Arms
41:48 Long Swordsman
42:48 Hand Cart
43:47 Chemistry
42:58 Masonry
42:33 Two-Handed Swordsman
[TeBrR] Overlord201
0:33 Loom
2:43 Loom
3:15 Loom
4:50 Double-Bit Axe
8:38 Horse Collar
10:58 Feudal Age
15:11 Castle Age
13:31 Bow Saw
14:16 Heavy Plow
29:24 Imperial Age
27:21 Husbandry
27:22 Cavalier
28:15 Forging
29:33 Two-Man Saw
29:32 Gold Mining
29:34 Paladin
30:24 Scale Barding Armor
32:12 Iron Casting
32:32 Wheelbarrow
33:35 Chemistry
32:55 Ballistics
37:09 Blast Furnace
38:17 Chain Barding Armor
39:49 Plate Barding Armor
40:49 Conscription
[TeBrR] Cobraxx
5:45 Loom
9:37 Feudal Age
14:55 Castle Age
13:10 Double-Bit Axe
13:34 Horse Collar
19:33 Wheelbarrow
21:17 Gold Mining
22:08 Heavy Plow
24:53 Hand Cart
24:57 Bow Saw
28:22 Imperial Age
25:56 Padded Archer Armor
25:46 Fletching
26:12 Detinets
27:00 Stone Mining
27:50 Bodkin Arrow
29:10 Ballistics
28:31 Pikeman
28:47 Heavy Scorpion
31:29 Conscription
31:10 Murder Holes
30:50 Halberdier
32:45 Scale Mail Armor
32:55 Forging
33:59 Chain Mail Armor
34:55 Two-Man Saw
34:30 Crop Rotation
36:07 Plate Mail Armor
37:41 Iron Casting
37:15 Squires
36:36 Man-at-Arms
39:25 Chemistry
38:31 Siege Engineers
39:33 Blast Furnace
39:37 Leather Archer Armor
39:37 Long Swordsman
41:05 Masonry
40:48 Crossbowman
41:14 Two-Handed Swordsman
FMG | Sawasha Takohida
9:56 Feudal Age
13:42 Castle Age
11:57 Double-Bit Axe
14:59 Horse Collar
15:54 Scale Mail Armor
19:07 Arson
20:24 Forging
22:08 Chain Mail Armor
24:28 Wheelbarrow
24:18 Gold Mining
25:50 Loom
33:09 Imperial Age
31:51 Pikeman
32:57 Squires
33:40 Hand Cart
33:37 Bow Saw
33:22 Halberdier
35:07 Plate Mail Armor
35:12 Iron Casting
37:25 Hamask
39:11 Conscription
42:21 Blast Furnace
成全
9:34 Feudal Age
13:57 Castle Age
12:33 Double-Bit Axe
12:57 Horse Collar
15:12 Bow Saw
20:53 Wheelbarrow
22:04 Heavy Plow
23:08 Hand Cart
22:39 Loom
25:00 Gold Mining
27:53 Imperial Age
26:07 Scale Barding Armor
26:13 Forging
26:27 Town Watch
27:15 Bloodlines
27:06 Husbandry
27:51 Chain Barding Armor
29:00 Iron Casting
27:49 Cavalier
29:21 Capped Ram
31:19 Gold Shaft Mining
30:38 Stone Mining
30:18 Siege Ram
30:40 Savar
32:03 Plate Barding Armor
34:08 Blast Furnace
34:17 Stone Shaft Mining
39:28 Two-Man Saw
39:01 Conscription
40:06 Town Patrol
39:33 Light Cavalry
王德发
10:56 Feudal Age
11:52 Double-Bit Axe
11:54 Horse Collar
14:41 Castle Age
13:59 Gold Mining
14:41 Fletching
16:32 Bodkin Arrow
23:06 Loom
29:53 Imperial Age
29:02 Ballistics
28:31 Town Watch
29:18 Guard Tower
30:27 Masonry
31:41 Bow Saw
32:09 Wheelbarrow
32:46 Gold Shaft Mining
32:02 Stone Mining
32:50 Conscription
32:31 Man-at-Arms
32:57 Gambesons
33:24 Forging
34:00 Architecture
33:55 Warwolf
34:11 Long Swordsman
34:52 Scale Mail Armor
35:27 Iron Casting
35:58 Two-Man Saw
34:42 Heavy Scorpion
35:05 Two-Handed Swordsman
36:21 Squires
36:38 Chain Mail Armor
36:53 Champion
38:51 Heavy Plow
40:07 Blast Furnace
40:27 Chemistry
40:01 Gambesons
40:55 Plate Mail Armor
40:04 Crossbowman
40:46 Bracer
41:14 Padded Archer Armor
41:53 Keep
42:58 Leather Archer Armor
42:27 Treadmill Crane
42:33 Arbalester
Connection lost

Rejoining the realm…

Still unreachable

The connection could not be restored.

Session expired

The server has moved on; the page needs a fresh start.